 Dungeon Sprint DCSS version 0.17-a0-1648-g0a089d4 (webtiles) character file.

34910 Kidiri the Imperceptible (level 13, -4/55 HPs)
             Began as a Spriggan Enchanter on Aug 12, 2015.
             Was the Champion of Dithmenos.
             Slain by the 27-headed Lernaean hydra (17 damage)
             ... in the Dungeon (Sprint I: "Red Sonja").
             The game lasted 00:43:42 (6455 turns).

Kidiri the Imperceptible (Spriggan Enchanter)       Turns: 6455, Time: 00:43:42

Health: -4/55      AC:  5    Str:  6 (7)  XL:     13   Next: 44%
Magic:  31/35      EV: 36    Int: 22      God:    Dithmenos [******]
Gold:   1858       SH:  0    Dex: 19      Spells: 10 memorised, 11 levels left

rFire  + + .     SeeInvis +     l - +0 dagger (distort)
rCold  + + .     Clarity  +     n - +2 robe "Noalicir" {rC+ Int+3 SInv}
rNeg   + + .     SustAt   .     (shield restricted)
rPois  +         Gourm    .     f - -2 hat of the Alchemist {rElec rPois rF+ rC+ rN+ MR+ rMut rCorr}
rElec  +         Spirit   .     d - +2 cloak {+Inv}
rCorr  +         Warding  .     (gloves unavailable)
rMut   +         NoTele   +     (boots unavailable)
MR     +++..                    a - amulet of Departure {Clar rN+}
Stlth  +++++++++.               s - +3 ring of strength
                                o - ring of protection from fire

@: wreathed by umbra, very quick, extremely resistant to hostile enchantments,
incredibly stealthy
A: unfitting armour, hooves 1, see invisible, deterioration 1, herbivore 3,
speed 3, slow metabolism 2
a: Shadow Step, Shadow Form, Renounce Religion, Evoke Invisibility


You were in the Dungeon.
You worshipped Dithmenos.
Dithmenos was exalted by your worship.
You were not hungry.

You visited 1 branch You collected 5368 gold pieces.
You spent 3510 gold pieces at shops.

Inventory:

Hand weapons
 l - a +0 dagger of distortion (weapon)
Armour
 d - a +2 cloak of invisibility (worn)
 f - the -2 hat of the Alchemist (worn) {rElec rPois rF+ rC+ rN+ MR+ rMut rCorr}
   (You bought it in a shop in the Dungeon)

   It protects you from fire.
   It protects you from cold.
   It insulates you from electricity.
   It protects you from poison.
   It protects you from negative energy.
   It affects your resistance to hostile enchantments.
   It protects you from acid and corrosion.
   It protects you from mutation.
 n - the +2 robe "Noalicir" (worn) {rC+ Int+3 SInv}
   (You bought it in a shop in the Dungeon)

   It affects your intelligence (+3).
   It protects you from cold.
   It lets you see invisible.
Jewellery
 a - the amulet of Departure (around neck) {Clar rN+}
   (You bought it in a shop in the Dungeon)

   [amulet of clarity]

   It provides mental clarity.
   It protects you from negative energy.
 o - a ring of protection from fire (left hand)
 s - a +3 ring of strength (right hand)
 t - the amulet of Ileigaa {rF- rN+ MR+ Regen+ Slay+5}
   (You bought it in a shop in the Dungeon)

   [amulet of regeneration]

   It affects your accuracy and damage with ranged weapons and melee attacks
   (+5).
   It makes you vulnerable to fire.
   It protects you from negative energy.
   It affects your resistance to hostile enchantments.
   It increases your rate of regeneration.
Scrolls
 b - a scroll of recharging
 j - a scroll of blinking
 m - a scroll of vulnerability
 p - a scroll of enchant armour
 q - a scroll of fog
 r - a scroll of fear
 u - a scroll of remove curse
Potions
 e - a potion of cancellation
 g - 3 potions of haste
 v - a potion of invisibility
Books
 c - the Incunabulum of Transmigration
   (You found it in the Dungeon)

   Spells                             Type                      Level
   a - Stoneskin                      Transmutation/Earth          2
   b - Sticks to Snakes               Transmutation                2
   c - Petrify                        Transmutation/Earth          4


   Skills:
 + Level 12.3 Short Blades
 * Level 20.7 Dodging
 * Level 22.3 Stealth
 * Level 17.9 Spellcasting
 + Level 8.3 Conjurations
 + Level 13.7 Hexes
 + Level 8.0 Translocations
 + Level 7.2 Transmutations
 + Level 9.5 Ice Magic
 + Level 4.8 Earth Magic
 - Level 3.7 Invocations
 + Level 8.8 Evocations


You had 11 spell levels left.
You knew the following spells:

 Your Spells              Type           Power        Failure   Level  Hunger
a - Corona                Hex            ######.      0%          1    None
b - Ensorcelled Hibernat  Hex/Ice        ######       1%          2    None
c - Confuse               Hex            ######..     1%          3    None
d - Tukima's Dance        Hex            ######..     1%          3    None
e - Dazzling Spray        Conj/Hex       ######..     1%          3    None
f - Passwall              Trmt/Erth      #####.....   1%          3    None
g - Passage of Golubria   Tloc           N/A          1%          4    None
h - Lee's Rapid Deconstr  Erth           #####.....   12%         5    #......
i - Darkness              Hex            ######....   1%          6    ####...
j - Invisibility          Hex            ######..     1%          6    ####...


Dungeon Overview and Level Annotations

Branches:
Dungeon (1/1)

Altars:
Cheibriados
Dithmenos
Elyvilon
Fedhas
Gozag
Kikubaaqudgha
Makhleb
Nemelex Xobeh
Okawaru
Qazlal
Ru
Sif Muna
Trog
Vehumet
Xom
Yredelemnul
Zin
The Shining One
Jiyva

Shops:
D =[=([?*(:[*:[![=(!([}*

Annotations:
D Lernaean hydra, Tiamat


Innate Abilities, Weirdness & Mutations

You are tiny and cannot use many weapons and most armour.
You have supernaturally acute eyesight.
You are a herbivore.
You cover ground extremely quickly.
You need consume almost no food.
You have large cloven feet.
Your body sometimes deteriorates upon taking damage.


Message History

The 27-headed Lernaean hydra roars!
The 27-headed Lernaean hydra bites you.
The 27-headed Lernaean hydra closely misses you.
The 27-headed Lernaean hydra completely misses you.
The 27-headed Lernaean hydra bites you.
The 27-headed Lernaean hydra completely misses you. x2
The 27-headed Lernaean hydra misses you.
The 27-headed Lernaean hydra completely misses you.
The 27-headed Lernaean hydra bites you!
Your body deteriorates!
You feel weakened.
You emit a cloud of dark smoke.
The 27-headed Lernaean hydra bites you but does no damage.
The 27-headed Lernaean hydra bites you! The 27-headed Lernaean hydra bites you.
The 27-headed Lernaean hydra completely misses you.
The 27-headed Lernaean hydra bites you.
The 27-headed Lernaean hydra bites you but does no damage.
The 27-headed Lernaean hydra bites you!
* * * LOW HITPOINT WARNING * * *
The 27-headed Lernaean hydra bites you!
You die...

...#.###..#.....|§§.§..#,*
...#.#,+..##........§.##,*
####'#,##'##.......§..#,,*
#....#,#≈≈≈##........##,,*
..####,#≈≈≈≈##).....##,,,*
###,,,,#≈≈≈≈≈########,,,,*
#,,,,####≈≈≈≈#≈≈≈≈≈#,,,§$#
,,,,,#..#+≈≈≈'≈§D§≈+,,,.$#
,,,,,#...##≈≈#§§@§≈#≈≈≈§.#
,,,,,#....######+#####≈≈≈#
,,,,,#....#≈≈≈≈≈≈≈≈≈≈##≈≈#
,,,,,#######≈≈≈≈≈≈≈≈≈≈≈≈≈#
,,,,,+)[#[)+..)≈≈≈≈≈≈≈#≈≈#
,,,,,#|)+}.#........≈≈≈#≈*
*****###################**


You could see the 27-headed Lernaean hydra.

Vanquished Creatures
  Norris (D)
  A golden dragon (D)
  A deep elf master archer (D)
  A shadow dragon (D)
  A daeva (D)
  4 fire giants (D)
  A deep elf annihilator (D)
  A lorocyproca (D)
  A mummy priest (D)
  2 centaur warriors (D)
  A hydra (D)
  Sonja (D)
  A deep troll (D)
  6 unseen horrors (D)
  A lindwurm (D)
  2 oklob plants (D)
  7 shining eyes (D)
  2 sirens (D)
  A kobold demonologist (D)
  A gargoyle (D)
  2 demonic crawlers (D)
  A slime creature (D)
  A hellwing (D)
  4 trapdoor spiders (D)
  A yak (D)
  Sigmund (D)
  12 hogs (D)
  5 wasps (D)
  7 necrophages (D)
  An ogre (D)
  8 jellies (D)
  Ijyb (D)
  7 giant eyeballs (D)
  A ballistomycete (D)
  A giant spore (D)
90 creatures vanquished.

Vanquished Creatures (others)
  An unseen horror (D)
  A shining eye (D)
  A gargoyle (D)
  A kobold demonologist (D)
  A demonic crawler (D)
  A hog (D)
  A giant spore (D)
7 creatures vanquished.

Grand Total: 97 creatures vanquished

Notes
Turn   | Place    | Note
--------------------------------------------------------------
     0 | D        | Kidiri the Spriggan Enchanter began the quest for the Orb.
     0 | D        | Reached XP level 1. HP: 9/9 MP: 5/5
     2 | D        | Noticed Ijyb
    10 | D        | Killed Ijyb
    10 | D        | Reached skill level 5 in Dodging
    10 | D        | Reached skill level 6 in Stealth
    10 | D        | Reached XP level 2. HP: 13/13 MP: 5/8
    16 | D        | Learned a level 2 spell: Ensorcelled Hibernation
    37 | D        | Noticed an ogre
    39 | D        | Killed an ogre
    39 | D        | Reached skill level 8 in Stealth
    39 | D        | Reached skill level 5 in Spellcasting
    39 | D        | Reached skill level 5 in Hexes
    39 | D        | Reached skill level 1 in Ice Magic
    39 | D        | Reached XP level 3. HP: 16/16 MP: 9/11
    39 | D        | Reached XP level 4. HP: 21/21 MP: 9/12
    66 | D        | Noticed Sigmund
    69 | D        | Killed Sigmund
    69 | D        | Reached skill level 10 in Stealth
    69 | D        | Reached XP level 5. HP: 24/24 MP: 13/16
   194 | D        | Learned a level 3 spell: Confuse
   198 | D        | Learned a level 3 spell: Tukima's Dance
   202 | D        | Learned a level 3 spell: Dazzling Spray
   212 | D        | Found a snail-covered altar of Cheibriados.
   212 | D        | Found a shadowy altar of Dithmenos.
   212 | D        | Noticed a slime creature
   213 | D        | Found a viscous altar of Jiyva.
   213 | D        | Found a blossoming altar of Fedhas.
   229 | D        | Killed a slime creature
   229 | D        | Reached skill level 5 in Short Blades
   229 | D        | Reached skill level 10 in Dodging
   229 | D        | Reached skill level 11 in Stealth
   229 | D        | Reached skill level 1 in Conjurations
   229 | D        | Reached XP level 6. HP: 28/28 MP: 3/18
   366 | D        | Found a deep blue altar of Sif Muna.
   367 | D        | Noticed a jelly
   368 | D        | Found a radiant altar of Vehumet.
   372 | D        | Killed a jelly
   410 | D        | Found Jeotul's Antique Weapon Emporium.
   410 | D        | Found a white marble altar of Elyvilon.
   410 | D        | Found a stormy altar of Qazlal.
   410 | D        | Found a burning altar of Makhleb.
   410 | D        | Found a sacrificial altar of Ru.
   410 | D        | Found a basalt altar of Yredelemnul.
   410 | D        | Found a glowing golden altar of the Shining One.
   410 | D        | Found a sparkling altar of Nemelex Xobeh.
   410 | D        | Found a shimmering altar of Xom.
   410 | D        | Found an opulent altar of Gozag.
   410 | D        | Found an ancient bone altar of Kikubaaqudgha.
   410 | D        | Found a glowing silver altar of Zin.
   410 | D        | Noticed a yak
   411 | D        | Found an iron altar of Okawaru.
   420 | D        | Killed a yak
   420 | D        | Reached skill level 12 in Stealth
   420 | D        | Reached XP level 7. HP: 17/32 MP: 8/20
   421 | D        | Found a bloodstained altar of Trog.
   488 | D        | Killed a gargoyle
   571 | D        | Noticed Sonja
   575 | D        | Killed Sonja
   575 | D        | Reached skill level 13 in Stealth
   575 | D        | Reached skill level 10 in Spellcasting
   575 | D        | Reached XP level 8. HP: 36/36 MP: 21/23
   591 | D        | Found Egue's Jewellery Boutique.
   612 | D        | Noticed a deep troll
   616 | D        | Killed a deep troll
   616 | D        | Reached skill level 14 in Stealth
   628 | D        | Found Cigy's Armour Emporium.
   644 | D        | Noticed a centaur warrior
   644 | D        | Noticed a centaur warrior
   646 | D        | Killed a centaur warrior
   646 | D        | Reached skill level 5 in Ice Magic
   646 | D        | Reached XP level 9. HP: 33/39 MP: 22/25
   649 | D        | Noticed a wasp
   663 | D        | Killed a centaur warrior
   663 | D        | Reached skill level 15 in Stealth
   903 | D        | Noticed an oklob plant
   905 | D        | Killed an oklob plant
   912 | D        | Noticed a trapdoor spider
   913 | D        | Killed a trapdoor spider
   919 | D        | Noticed a trapdoor spider
   921 | D        | Killed a trapdoor spider
   921 | D        | Reached skill level 16 in Stealth
   928 | D        | Noticed a trapdoor spider
   928 | D        | Noticed a trapdoor spider
   929 | D        | Killed a trapdoor spider
   929 | D        | Reached XP level 10. HP: 44/44 MP: 20/27
  1169 | D        | Noticed a jelly
  1169 | D        | Noticed a jelly
  1180 | D        | Noticed an unseen horror
  1180 | D        | Noticed an unseen horror
  1286 | D        | Killed an unseen horror
  1404 | D        | Noticed a jelly
  1404 | D        | Noticed a jelly
  1404 | D        | Noticed a jelly
  1404 | D        | Noticed a jelly
  1404 | D        | Noticed a jelly
  1406 | D        | Killed a jelly
  1407 | D        | Killed a jelly
  1409 | D        | Killed a jelly
  1410 | D        | Killed a jelly
  1411 | D        | Noticed a necrophage
  1411 | D        | Noticed a necrophage
  1411 | D        | Noticed a necrophage
  1412 | D        | Killed a jelly
  1413 | D        | Killed a jelly
  1415 | D        | Killed a jelly
  1415 | D        | Reached skill level 10 in Hexes
  1468 | D        | Noticed a necrophage
  1468 | D        | Noticed a necrophage
  1468 | D        | Noticed a necrophage
  1468 | D        | Noticed a necrophage
  1471 | D        | Killed a necrophage
  1471 | D        | Reached skill level 15 in Dodging
  1472 | D        | Killed a necrophage
  1482 | D        | Killed a necrophage
  1487 | D        | Killed a necrophage
  1493 | D        | Killed a necrophage
  1493 | D        | Reached skill level 5 in Conjurations
  1517 | D        | Found Wuoq's Weapon Shoppe.
  1517 | D        | Found Zimucizy's Assorted Antiques.
  1517 | D        | Found Jonic's Book Boutique.
  1519 | D        | Found Keoseic's Antique Armour Emporium.
  1519 | D        | Found Foexkan's Assorted Antiques.
  1519 | D        | Found Yfekohit's Book Shoppe.
  1519 | D        | Found Qoeshyguid's Antique Armour Boutique.
  1519 | D        | Found Numiogigg's Distillery.
  1519 | D        | Found Umpoetz's Antique Armour Shop.
  1519 | D        | Found Soorivor's Jewellery Shoppe.
  1523 | D        | Found Tyduu's Antique Weapon Boutique.
  1524 | D        | Found Nonnom's Antique Weapon Emporium.
  1524 | D        | Found Kiocozug's Distillery.
  1525 | D        | Found Bynnuirch's Gadget Emporium.
  1527 | D        | Upgraded the game from 0.17-a0-1646-geb1493d to 0.17-a0-1648-g0a089d4
  1551 | D        | Bought a thick robe for 171 gold pieces
  1561 | D        | Identified the +2 robe "Noalicir" {rC+ Int+3 SInv} (You bought it in a shop in the Dungeon)
  1717 | D        | Killed a necrophage
  1850 | D        | Killed a necrophage
  1852 | D        | Noticed a shining eye
  1852 | D        | Noticed a shining eye
  1853 | D        | Noticed a shining eye
  2169 | D        | Noticed a kobold demonologist
  2171 | D        | Noticed a kobold demonologist
  2179 | D        | Banished a kobold demonologist
  2241 | D        | Noticed a demonic crawler
  2241 | D        | Noticed a demonic crawler
  2241 | D        | Noticed a demonic crawler
  2241 | D        | Noticed a demonic crawler
  2250 | D        | Killed a demonic crawler
  2256 | D        | Banished a demonic crawler
  2256 | D        | Reached skill level 17 in Stealth
  2530 | D        | Noticed a lindwurm
  2534 | D        | Killed a lindwurm
  2541 | D        | Noticed a hog
  2541 | D        | Noticed a hog
  2541 | D        | Noticed a hog
  2541 | D        | Noticed a hog
  2541 | D        | Noticed a hog
  2542 | D        | Noticed a hog
  2542 | D        | Noticed a hog
  2542 | D        | Noticed a hog
  2542 | D        | Noticed a hog
  2545 | D        | Killed a hog
  2547 | D        | Noticed a hog
  2548 | D        | Killed a hog
  2551 | D        | Noticed a hog
  2551 | D        | Noticed a hog
  2551 | D        | Noticed a hog
  2552 | D        | Killed a hog
  2560 | D        | Killed a hog
  2563 | D        | Killed a hog
  2730 | D        | Became a worshipper of Dithmenos the Shadowed
  2758 | D        | Killed a hog
  2766 | D        | Killed a hog
  2769 | D        | Killed a hog
  2769 | D        | Reached skill level 1 in Invocations
  2773 | D        | Killed a hog
  2780 | D        | Killed a hog
  2952 | D        | Killed a hog
  2982 | D        | Killed a hog
  2982 | D        | Acquired Dithmenos's first power
  2985 | D        | Noticed a 12-headed hydra
  2992 | D        | Killed an unseen horror
  2992 | D        | Reached skill level 18 in Stealth
  2992 | D        | Reached XP level 11. HP: 16/47 MP: 27/30
  2999 | D        | Killed a 12-headed hydra
  3006 | D        | Paralysed by a giant eyeball for 3 turns
  3303 | D        | Bought an uncursed amulet of resist mutation for 400 gold pieces
  3357 | D        | Noticed a sun demon
  3357 | D        | Killed a kobold demonologist
  3374 | D        | Noticed a shining eye
  3374 | D        | Noticed a shining eye
  3374 | D        | Noticed a shining eye
  3375 | D        | Noticed a shining eye
  3375 | D        | Noticed a shining eye
  3376 | D        | Killed a shining eye
  3376 | D        | Acquired Dithmenos's second power
  3380 | D        | Killed a shining eye
  3380 | D        | Reached skill level 10 in Short Blades
  3382 | D        | Found Vahamni's Armour Shoppe.
  3382 | D        | Found Zonoor's Jewellery Emporium.
  3383 | D        | Killed a shining eye
  3386 | D        | Paralysed by a giant eyeball for 4 turns
  3396 | D        | Killed a shining eye
  3396 | D        | Acquired Dithmenos's third power
  3408 | D        | Killed a shining eye
  3408 | D        | Reached skill level 15 in Spellcasting
  3409 | D        | Killed a shining eye
  3411 | D        | Found Gixtofar's Antique Armour Shop.
  3411 | D        | Found Ommenlyf's Magic Scroll Boutique.
  3426 | D        | Gained mutation: Your body sometimes deteriorates upon taking damage. [a shining eye]
  3437 | D        | Bought a +2 cloak of invisibility for 215 gold pieces
  3437 | D        | Killed a shining eye
  3437 | D        | Reached skill level 19 in Stealth
  3451 | D        | Bought a scroll of identify for 20 gold pieces
  3453 | D        | Bought a scroll of magic mapping for 35 gold pieces
  3456 | D        | Bought the -2 hat of the Alchemist {rElec rPois rF+ rC+ rN+ MR+ rMut rCorr} for 1180 gold pieces
  3681 | D        | Killed a demonic crawler
  3681 | D        | Acquired Dithmenos's fourth power
  3827 | D        | Noticed a shadow dragon
  3827 | D        | Noticed a golden dragon
  3831 | D        | Killed a golden dragon
  3833 | D        | Killed a shadow dragon
  3833 | D        | Reached skill level 20 in Stealth
  3833 | D        | Reached XP level 12. HP: 51/51 MP: 27/33
  3837 | D        | Killed a shining eye
  3914 | D        | Found Vyuz's Assorted Antiques.
  3919 | D        | Killed a wasp
  3938 | D        | Bought a scroll of identify for 42 gold pieces
  3938 | D        | Bought a scroll of identify for 42 gold pieces
  3938 | D        | Bought a faintly glowing iron amulet for 105 gold pieces
  3942 | D        | Identified the amulet of Ileigaa {rF- rN+ MR+ Regen+ Slay+5} (You bought it in a shop in the Dungeon)
  4047 | D        | Bought a book of Burglary for 750 gold pieces
  4051 | D        | Learned a level 3 spell: Passwall
  4056 | D        | Learned a level 4 spell: Passage of Golubria
  4062 | D        | Learned a level 5 spell: Lee's Rapid Deconstruction
  4069 | D        | Learned a level 6 spell: Darkness
  4076 | D        | Learned a level 6 spell: Invisibility
  4193 | D        | Bought the amulet of Departure {Clar rN+} for 312 gold pieces
  4263 | D        | Noticed a gargoyle
  4273 | D        | Killed a gargoyle
  4298 | D        | Noticed Norris
  4298 | D        | Noticed a lorocyproca
  4305 | D        | Killed a lorocyproca
  4305 | D        | Reached skill level 1 in Translocations
  4305 | D        | Reached skill level 1 in Transmutations
  4793 | D        | Noticed a daeva
  4796 | D        | Noticed an unseen horror
  4796 | D        | Noticed an unseen horror
  4796 | D        | Noticed an unseen horror
  4797 | D        | Noticed an unseen horror
  4799 | D        | Killed an unseen horror
  4799 | D        | Reached skill level 1 in Earth Magic
  4799 | D        | Reached skill level 5 in Evocations
  4800 | D        | Noticed an unseen horror
  4801 | D        | Killed an unseen horror
  4802 | D        | Killed an unseen horror
  4804 | D        | Killed an unseen horror
  4806 | D        | Killed an unseen horror
  4810 | D        | Noticed a fire giant
  4812 | D        | Noticed a fire giant
  4812 | D        | Noticed a fire giant
  4812 | D        | Noticed a fire giant
  4813 | D        | Killed a fire giant
  4815 | D        | Killed a fire giant
  4815 | D        | Reached skill level 21 in Stealth
  4817 | D        | Killed a fire giant
  4817 | D        | Reached skill level 5 in Translocations
  4819 | D        | Killed a fire giant
  4819 | D        | Reached skill level 5 in Transmutations
  4848 | D        | Noticed Tiamat
  4945 | D        | Bought a scroll of identify for 20 gold pieces
  4945 | D        | Bought a scroll of identify for 20 gold pieces
  4945 | D        | Bought a scroll of identify for 20 gold pieces
  4945 | D        | Bought a scroll of identify for 20 gold pieces
  4945 | D        | Bought a scroll of identify for 20 gold pieces
  5046 | D        | Noticed a hellwing
  5046 | D        | Noticed a siren
  5046 | D        | Noticed a deep elf annihilator
  5046 | D        | Noticed an oklob plant
  5046 | D        | Noticed a mummy priest
  5046 | D        | Noticed a siren
  5046 | D        | Noticed a wasp
  5046 | D        | Noticed a wasp
  5046 | D        | Killed a deep elf annihilator
  5047 | D        | Killed a hellwing
  5048 | D        | Noticed a wasp
  5048 | D        | Noticed a wasp
  5049 | D        | Killed a siren
  5088 | D        | Killed a siren
  5090 | D        | Killed a wasp
  5092 | D        | Killed a wasp
  5092 | D        | Reached XP level 13. HP: 55/55 MP: 21/35
  5093 | D        | Killed a wasp
  5094 | D        | Killed a wasp
  5265 | D        | Killed Norris
  5562 | D        | Killed a daeva
  5562 | D        | Reached skill level 22 in Stealth
  5888 | D        | Bought a bubbling grey potion for 18 gold pieces
  5978 | D        | Bought a golden potion for 22 gold pieces
  5981 | D        | Bought a bubbling yellow potion for 23 gold pieces
  5981 | D        | Bought a smoky amethyst potion for 23 gold pieces
  5985 | D        | Bought a scroll of identify for 52 gold pieces
  5986 | D        | Gained mutation: You have large cloven feet. [potion of beneficial mutation]
  6099 | D        | Killed an oklob plant
  6100 | D        | Killed a mummy priest
  6288 | D        | Killed a hog
  6327 | D        | Identified the Incunabulum of Transmigration
  6341 | D        | Noticed a deep elf master archer
  6343 | D        | Killed a deep elf master archer
  6373 | D        | Killed a trapdoor spider
  6454 | D        | Noticed the 27-headed Lernaean hydra
  6455 | D        | Slain by the 27-headed Lernaean hydra

Vault maps used:
D:        dungeon_sprint_1

Action                   |  1- 3 |  4- 6 |  7- 9 | 10-12 | 13-15 || total
-------------------------+-------+-------+-------+-------+-------++-------
Melee: Dagger            |     6 |    16 |    15 |   155 |    25 ||   217
 Fire: Shortbow          |       |       |       |     1 |       ||     1
 Cast: Corona            |     1 |       |       |       |       ||     1
       Dazzling Spray    |       |     5 |     2 |    26 |     7 ||    40
       Ensorcelled Hiber |       |     2 |     7 |    20 |     3 ||    32
       Confuse           |       |       |       |    15 |     1 ||    16
       Passwall          |       |       |       |     3 |     4 ||     7
       Darkness          |       |       |       |     1 |       ||     1
       Lee's Rapid Decon |       |       |       |       |    19 ||    19
       Tukima's Dance    |       |       |       |       |     1 ||     1
Invok: Shadow Step       |       |       |       |     4 |     2 ||     6
 Abil: Evoke Invisibilit |       |       |       |     1 |     1 ||     2
  Use: Potion            |       |       |       |     1 |    10 ||    11
       Scroll            |       |       |       |     9 |     4 ||    13
 Stab: Sleeping          |     2 |     2 |     8 |    46 |     6 ||    64
       Invisible         |       |     3 |       |     9 |       ||    12
       Confused          |       |       |       |     5 |     1 ||     6
  Eat: Bread ration      |       |       |       |     1 |       ||     1
